Map: Crimson Research Lab LE

Players

epinonymous

  • Race: Terran Terran
  • League: Platinum
  • Spawn Location: 11:00

PiX

  • Race: Zerg Zerg
  • League: Diamond
  • Spawn Location: 11:00

Watermeloann - Winner!

  • Race: Terran Terran
  • League: Master
  • Spawn Location: 5:00

xetech - Winner!

  • Race: Protoss Protoss
  • Spawn Location: 5:00

VOD

Have the link to the VOD?

Description

Time

  • Played on: June 15, 2025, 12:45 p.m.
  • Length: 12:30
Show
View Real Time Build Order
Export as new Build Order

epinonymous Terran 

Build Orders:  

Get SALT Encoding   

  12  0:01  SCV  
  13  0:13  SCV  
  14  0:25  SCV  
  15  0:30  Supply Depot  
  15  0:52  SCV  
  15  0:55  Refinery  
  16  1:00  Barracks  
  16  1:05  SCV  
  17  1:17  SCV  
  18  1:25  Barracks  
  18  1:29  SCV  
  19  1:41  SCV  
  20  1:47  Reaper  
  20  1:53  SCV  
  22  2:06  Command Center  
  22  2:12  Orbital Command  
  22  2:17  Barracks Tech Lab  
  22  2:19  Refinery  
  22  2:21  Supply Depot  
  22  2:28  Barracks Reactor  
  22  2:37  Marine  
  22  2:42  SCV  
  23  2:55  SCV  
  23  2:58  Marine  
  25  2:59  Stimpack  
  25  3:03  Supply Depot  
  25  3:07  SCV  
  25  3:18  Marine  
  25  3:19  SCV  
  27  3:26  Marine  
  28  3:31  SCV  
  29  3:34  Factory  
  29  3:35  Engineering Bay  
  29  3:39  Marine  
  29  3:40  Marine  
  31  3:43  SCV  
  32  3:49  Marine  
  33  3:57  Supply Depot  
  33  3:58  SCV  
  33  3:59  Orbital Command  
  34  4:07  Marine  
  34  4:09  Marine  
  35  4:10  Marine  
  35  4:11  SCV  
  35  4:15  Supply Depot  
  38  4:21  Factory Tech Lab  
  38  4:23  SCV  
  39  4:29  Missile Turret  
  39  4:30  SCV  
  40  4:32  Refinery  
  40  4:33  Marine  
  40  4:35  SCV  
  42  4:41  Terran Infantry Weapons Level 1  
  42  4:42  SCV  
  43  4:46  Combat Shield  
  43  4:48  SCV  
  44  4:54  SCV  
  44  4:56  Starport  
  42  5:11  Marauder  
  42  5:12  Cyclone, Marine x2  
  42  5:13  SCV  
  42  5:14  SCV  
  51  5:20  Refinery  
  51  5:25  SCV  
  51  5:26  SCV  
  53  5:32  Marauder  
  55  5:36  Marine  
  55  5:37  SCV, Marine  
  55  5:38  Starport Tech Lab  
  55  5:40  SCV  
  59  5:49  SCV  
  60  5:50  Command Center  
  60  5:52  SCV  
  60  5:54  Cyclone  
  64  5:57  Mag-Field Accelerator  
  64  6:01  Banshee  
  64  6:04  SCV  
  68  6:05  Concussive Shells  
  68  6:07  SCV  
  69  6:16  SCV  
  70  6:19  Cloaking Field  
  70  6:25  Supply Depot  
  70  6:27  Supply Depot  
  70  6:47  SCV x2, Marauder, Cyclone  
  74  6:54  Banshee  
  74  6:57  Marine x2  
  74  6:59  SCV x2  
  81  7:09  Marauder  
  83  7:19  Cyclone  
  86  7:23  SCV  
  87  7:30  Factory, Marauder  
  87  7:31  Barracks  
  87  7:35  Orbital Command  
  89  7:37  SCV x2, Banshee  
  89  7:38  Supply Depot  
  94  7:48  Marine x2  
  94  7:49  SCV  
  97  7:51  Marauder  
  97  7:53  Terran Infantry Armor Level 1  
  97  7:55  Armory  
  97  7:57  Supply Depot  
  99  7:59  Siege Tank, Supply Depot x2  
  102  8:09  SCV x3  
  105  8:14  Command Center  
  105  8:20  Banshee  
  105  8:21  SCV, Supply Depot  
  105  8:23  Factory Tech Lab  
  105  8:24  Barracks Reactor  
  109  8:31  Siege Tank  
  109  8:32  Marauder  
  114  8:37  SCV  
  114  8:38  SCV  
  116  8:42  Supply Depot  
  116  8:43  Supply Depot, Terran Vehicle Weapons Level 1  
  116  8:44  Armory  
  116  8:46  SCV  
  117  8:49  SCV  
  117  8:50  Supply Depot  
  118  8:56  SCV, Missile Turret  
  118  8:58  SCV  
  118  9:01  SCV  
  121  9:08  SCV  
  122  9:10  SCV  
  122  9:14  SCV, Sensor Tower  
  72  9:38  Siege Tank, Marine x2  
  77  9:47  Factory  
  77  9:48  Factory  
  77  9:50  Barracks  
  77  9:52  Command Center  
  77  9:53  Barracks  
  77  9:54  Siege Tank, Marauder  
  77  9:55  Medivac x2  
  86  10:00  Orbital Command  
  86  10:01  Supply Depot  
  86  10:03  Refinery  
  86  10:04  Refinery  
  86  10:14  Marauder  
  88  10:16  Siege Tank, Marauder, Marine x2  
  95  10:22  Engineering Bay, Terran Vehicle And Ship Armor Level 1  
  95  10:33  Missile Turret  
  95  10:40  Refinery  
  95  10:41  Refinery, Viking x2  
  95  10:42  Siege Tank, Marauder x2  
  106  10:44  Marine x2  
  106  10:48  Factory Tech Lab, Factory Reactor  
  106  10:49  Barracks Reactor  
  108  10:50  Barracks Reactor  
  108  11:24  Marine  
  108  11:25  Marine x7  
  114  11:26  Cyclone x2  
  114  11:27  Cyclone  
  114  11:28  Viking x2  
  125  11:42  Marine  
  125  11:43  Marine x7  
  129  11:52  Supply Depot  
  127  11:55  Supply Depot  
  127  11:58  Viking x2  
Show
View Real Time Build Order
Export as new Build Order

PiX Zerg 

Build Orders: Hatch First 

Get SALT Encoding   

  12  0:02  Drone  
  13  0:16  Drone  
  13  0:20  Extractor  
  14  0:21  Drone  
  15  0:39  Hatchery  
  14  0:45  Drone, Extractor  
  14  0:54  Overlord  
  15  1:05  Spawning Pool  
  14  1:17  Drone  
  14  1:18  Drone x2  
  17  1:22  Extractor  
  16  1:28  Drone  
  18  1:40  Drone  
  18  1:56  Overlord  
  18  1:57  Queen x2  
  22  2:01  Drone  
  22  2:05  Drone  
  22  2:07  Drone  
  25  2:14  Drone x2  
  27  2:22  Drone  
  28  2:24  Drone  
  29  2:33  Drone  
  29  2:34  Drone  
  31  2:44  Queen  
  31  2:50  Drone x2  
  35  2:54  Drone  
  36  2:58  Overlord  
  36  3:20  Drone x6  
  44  3:27  Hatchery  
  44  3:28  Lair  
  44  3:30  Queen  
  43  3:34  Drone  
  43  3:38  Roach Warren  
  43  3:39  Evolution Chamber, Extractor  
  41  3:41  Extractor  
  41  3:45  Spore Crawler  
  39  3:49  Spore Crawler  
  39  3:50  Drone x3  
  39  3:54  Drone x2  
  43  4:05  Drone  
  43  4:08  Overlord x2  
  43  4:09  Zerg Missile Weapons Level 1  
  44  4:28  Glial Reconstitution  
  44  4:30  Drone x3  
  47  4:33  Roach x5  
  47  4:37  Roach  
  59  4:45  Drone x3  
  62  4:51  Roach x2  
  64  5:09  Queen  
  64  5:14  Overlord x2  
  66  5:33  Roach x7  
  66  5:34  Roach  
  82  5:38  Overlord x2  
  82  5:58  Roach x4  
  82  5:59  Roach x4  
  82  6:01  Overlord x4  
  98  6:11  Metabolic Boost  
  98  6:16  Overlord x3  
  98  6:24  Roach x4  
  98  6:25  Roach  
  108  6:40  Zerg Melee Weapons Level 1  
  108  6:41  Roach x5  
  116  7:03  Roach x9  
  116  7:04  Roach  
  136  7:09  Zergling x6  
  136  7:10  Drone  
  136  7:13  Ravager x2  
  142  7:19  Extractor  
  142  7:20  Drone  
  142  7:29  Zergling x8  
  146  7:34  Overlord x2  
  146  7:35  Infestation Pit  
  137  7:49  Drone x7  
  144  7:53  Overseer  
  144  7:54  Spine Crawler, Zergling x4  
  144  7:57  Drone x2  
  147  7:58  Overseer  
  147  8:12  Ravager x3  
  150  8:13  Ravager  
  150  8:14  Ravager  
  150  8:16  Zergling x14  
  150  8:17  Zergling x2  
  160  8:20  Extractor  
  160  8:22  Drone x3, Extractor  
  161  8:56  Zergling x2  
  161  8:59  Overlord x3  
  162  9:05  Overlord x3  
  142  9:17  Hatchery  
  95  9:32  Zergling x10  
  95  9:33  Zergling x24  
  95  9:36  Hive  
  112  9:40  Drone  
  112  9:41  Drone  
  112  9:44  Roach  
  116  9:46  Zerg Melee Weapons Level 2  
  116  9:49  Roach x3  
  116  9:52  Roach x2  
  126  9:55  Overseer  
  126  9:59  Roach  
  128  10:01  Roach x2  
  128  10:02  Ravager x11  
  128  10:06  Ravager  
  144  10:11  Zergling x8  
  144  10:12  Zergling x2  
  149  10:18  Evolution Chamber  
  149  10:19  Hydralisk Den  
  147  10:27  Drone x7  
  154  10:35  Zergling x6  
  154  10:36  Zergling x2  
  157  10:55  Zergling x2  
  157  10:56  Zergling x22  
  169  10:58  Ravager x3  
  90  11:28  Zergling x30  
  90  11:29  Zergling x2  
  90  11:32  Zergling x2  
  85  11:53  Roach x5  
  82  12:04  Zergling x6  
  82  12:08  Roach  
  76  12:19  Ravager x3  
Show
View Real Time Build Order
Export as new Build Order

Watermeloann Terran - Winner!

Build Orders: 2 Factory, Reaper Expand, Mech 

Get SALT Encoding   

  12  0:00  SCV  
  13  0:12  SCV  
  14  0:18  Supply Depot  
  14  0:24  SCV  
  15  0:40  SCV  
  15  0:41  Barracks  
  16  0:46  Refinery  
  16  0:52  SCV  
  17  1:04  SCV  
  18  1:18  SCV  
  19  1:29  Reaper  
  19  1:31  Orbital Command  
  20  1:45  Command Center  
  20  1:57  SCV  
  21  2:02  Supply Depot  
  21  2:10  SCV  
  22  2:17  Refinery  
  22  2:22  SCV, Factory  
  23  2:29  Barracks Reactor  
  23  2:35  SCV  
  24  2:47  SCV  
  25  2:52  Command Center  
  26  2:58  SCV  
  26  3:17  SCV  
  26  3:18  Orbital Command  
  26  3:20  Factory  
  26  3:23  Hellion  
  28  3:31  Hellion  
  28  3:32  SCV, Barracks Tech Lab  
  31  3:44  SCV x2, Hellion  
  35  3:52  Hellion  
  37  3:56  SCV  
  37  3:57  SCV  
  39  4:06  Hellion  
  39  4:07  Orbital Command  
  39  4:08  SCV  
  43  4:10  SCV  
  43  4:12  Cyclone  
  43  4:15  Infernal Pre-Igniter  
  46  4:18  Hellion  
  46  4:20  SCV  
  46  4:22  SCV  
  46  4:23  Supply Depot  
  50  4:27  Hellion  
  52  4:32  SCV  
  52  4:33  SCV  
  52  4:36  SCV  
  55  4:39  Factory  
  55  4:44  Cyclone  
  58  4:45  SCV  
  58  4:46  Supply Depot  
  58  4:47  SCV  
  58  4:48  SCV  
  61  4:56  Refinery  
  61  4:57  SCV  
  63  5:01  SCV  
  62  5:09  Hellion x2  
  62  5:10  SCV  
  62  5:11  Orbital Command  
  62  5:13  SCV  
  67  5:16  Cyclone, Refinery  
  67  5:18  Supply Depot  
  70  5:24  Factory Tech Lab  
  70  5:25  Factory  
  70  5:26  SCV  
  70  5:27  SCV  
  72  5:30  Hellion, Supply Depot  
  72  5:31  Hellion  
  76  5:36  Mag-Field Accelerator  
  76  5:37  Supply Depot  
  76  5:39  SCV  
  76  5:40  SCV x2  
  79  5:45  Siege Tank  
  79  5:48  Supply Depot  
  82  5:51  SCV  
  82  5:52  SCV x2  
  82  5:55  Armory  
  85  5:58  Armory  
  85  6:03  SCV  
  86  6:04  SCV  
  86  6:05  SCV  
  86  6:06  Engineering Bay  
  88  6:13  Supply Depot  
  88  6:14  Factory Tech Lab, Factory  
  88  6:15  SCV  
  88  6:17  SCV x2  
  91  6:27  SCV  
  91  6:29  SCV x2  
  94  6:34  Factory  
  94  6:35  Factory  
  94  6:36  Factory  
  94  6:37  Factory  
  94  6:39  SCV  
  95  6:41  SCV x2  
  100  6:47  Cyclone x2  
  100  6:51  SCV  
  100  6:53  SCV, Refinery x2  
  101  6:58  Hellion  
  101  6:59  SCV  
  104  7:03  Supply Depot  
  104  7:05  Supply Depot  
  104  7:06  Supply Depot  
  104  7:08  SCV  
  104  7:10  Factory Tech Lab  
  104  7:13  Command Center  
  104  7:16  Missile Turret  
  104  7:17  Missile Turret  
  104  7:19  Missile Turret  
  104  7:24  SCV  
  104  7:26  Siege Tank  
  104  7:27  Siege Tank, Factory Tech Lab  
  104  7:28  SCV  
  112  7:33  Terran Vehicle And Ship Armor Level 1, Terran Vehicle Weapons Level 1  
  112  7:38  Siege Tank  
  112  7:39  SCV x2  
  112  7:40  SCV  
  112  7:41  Supply Depot  
  118  7:47  Supply Depot  
  118  7:51  Siege Tank, SCV, Factory Tech Lab  
  122  7:52  Factory Tech Lab x2  
  122  7:56  SCV x2  
  124  8:02  Siege Tank  
  127  8:06  SCV  
  127  8:08  Siege Tank, SCV x2  
  133  8:13  Supply Depot  
  133  8:18  SCV  
  134  8:20  SCV  
  134  8:21  Siege Tank x2, SCV, Refinery  
  134  8:22  Hellion  
  134  8:24  Refinery  
  144  8:28  Missile Turret  
  144  8:30  SCV  
  144  8:33  SCV, Command Center  
  146  8:35  SCV  
  146  8:38  Siege Tank  
  150  8:43  Missile Turret  
  150  8:44  Siege Tank  
  153  8:49  SCV x2  
  153  8:52  Cyclone x2  
  161  8:58  Planetary Fortress  
  161  9:09  Siege Tank  
  162  9:10  Siege Tank  
  162  9:11  Hellion x2  
  162  9:13  Refinery  
  153  9:17  Refinery  
  153  9:22  Siege Tank x2  
  139  9:25  SCV  
  139  9:26  SCV  
  139  9:30  SCV  
  136  9:31  Terran Vehicle Weapons Level 2  
  136  9:38  SCV  
  134  9:39  Terran Vehicle And Ship Armor Level 2  
  134  9:41  SCV  
  135  9:46  Command Center  
  135  9:47  Command Center  
  135  9:54  Cyclone x2  
  135  9:55  Siege Tank, Hellion x2  
  135  9:56  Hellion  
  150  10:04  Planetary Fortress  
  150  10:06  Missile Turret  
  150  10:07  Siege Tank  
  150  10:08  Missile Turret, Hellion x2  
  150  10:13  Missile Turret  
  157  10:17  Siege Tank x2  
  163  10:23  Supply Depot  
  163  10:26  Siege Tank x2, Hellion x2  
  173  10:29  Missile Turret  
  173  10:31  Missile Turret  
  173  10:33  Missile Turret  
  173  10:34  Missile Turret  
  174  10:35  Siege Tank x2  
  174  10:38  Siege Tank  
  180  10:44  Siege Tank  
  183  10:51  Siege Tank  
  186  11:04  Siege Tank, Cyclone x2  
  186  11:07  Siege Tank  
  186  11:08  Cyclone  
  192  11:12  Cyclone  
  175  11:18  Cyclone  
  156  11:30  Orbital Command  
  156  11:31  Orbital Command  
  150  11:33  Command Center  
  150  11:34  Command Center  
  150  11:37  Siege Tank x2  
  150  11:38  Siege Tank  
  153  11:41  Siege Tank x2  
  153  11:43  SCV x3  
  156  11:47  Command Center  
  156  11:51  Siege Tank  
  156  11:52  Hellion  
  156  11:53  Hellion  
  166  11:59  Command Center  
Show
View Real Time Build Order
Export as new Build Order

xetech Protoss - Winner!

Build Orders: 1 Gate Expand, Blink Stalkers 

Get SALT Encoding   

  12  0:00  Probe  
  13  0:12  Probe  
  14  0:21  Pylon  
  14  0:25  Probe  
  15  0:37  Probe  
  15  0:41  Gateway  
  16  0:45  Probe  
  16  0:47  Assimilator  
  17  0:54  Probe  
  18  1:06  Probe  
  19  1:18  Probe  
  20  1:30  Probe  
  21  1:33  Cybernetics Core  
  21  1:43  Nexus  
  21  1:52  Pylon  
  21  1:57  Assimilator  
  21  1:58  Probe  
  21  1:59  Stalker  
  22  2:10  Probe  
  25  2:21  Warp Gate  
  25  2:23  Probe  
  26  2:30  Twilight Council  
  26  2:35  Probe  
  26  2:36  Blink, Stalker  
  29  2:47  Probe  
  30  2:56  Probe  
  31  2:59  Probe  
  32  3:08  Probe  
  32  3:11  Probe  
  34  3:19  Probe  
  34  3:20  Probe  
  34  3:23  Robotics Facility  
  36  3:27  Probe  
  36  3:32  Probe  
  38  3:34  Gateway  
  38  3:37  Probe  
  38  3:41  Gateway  
  39  3:45  Gateway  
  39  3:47  Probe  
  40  3:51  Pylon  
  40  3:54  Probe  
  41  3:59  Pylon, Probe  
  42  4:06  Probe  
  43  4:10  Stalker  
  43  4:12  Observer, Probe  
  43  4:16  Assimilator  
  47  4:18  Probe  
  47  4:24  Assimilator, Probe  
  49  4:29  Stalker  
  49  4:30  Probe  
  52  4:32  Observer  
  52  4:36  Probe  
  54  4:41  Stalker x3  
  54  4:43  Probe  
  61  4:48  Probe  
  61  4:52  Pylon  
  62  5:03  Nexus  
  62  5:10  Probe x2  
  62  5:12  Pylon  
  64  5:17  Observer  
  65  5:22  Stalker x2  
  65  5:23  Probe  
  70  5:32  Probe  
  71  5:35  Probe  
  71  5:36  Forge  
  71  5:38  Forge  
  72  5:43  Gateway  
  72  5:44  Probe  
  72  5:48  Probe  
  74  5:50  Pylon  
  74  5:51  Stalker x2  
  74  5:52  Protoss Ground Weapons Level 1  
  74  5:53  Protoss Ground Armor Level 1  
  78  6:00  Observer, Gateway  
  78  6:08  Observer, Probe  
  78  6:09  Probe  
  81  6:18  Probe  
  82  6:21  Observer, Probe x2  
  84  6:25  Pylon  
  84  6:26  Charge  
  84  6:30  Probe  
  84  6:32  Robotics Bay, Stalker x2  
  85  6:33  Stalker  
  85  6:34  Probe  
  85  6:38  Probe  
  93  6:42  Probe  
  94  6:51  Probe x2  
  97  6:54  Stalker x2, Probe  
  97  6:55  Shield Battery  
  101  7:03  Probe  
  101  7:04  Stalker x3  
  101  7:05  Probe  
  101  7:06  Pylon  
  101  7:07  Shield Battery  
  109  7:21  Pylon  
  109  7:24  Disruptor, Probe x2  
  109  7:29  Stalker  
  117  7:34  Pylon  
  117  7:35  Protoss Ground Weapons Level 2, Protoss Ground Armor Level 2  
  117  7:39  Probe  
  117  7:43  Observer, Probe  
  119  7:47  Stalker x3  
  125  7:54  Pylon  
  125  7:56  Pylon  
  125  7:57  Gateway x2  
  125  7:58  Probe  
  126  7:59  Assimilator  
  126  8:00  Disruptor  
  126  8:03  Assimilator  
  130  8:08  Probe  
  131  8:23  Robotics Facility  
  131  8:25  Observer, Pylon  
  131  8:35  Stalker x4  
  131  8:36  Stalker x2  
  131  8:39  Disruptor  
  147  8:55  Probe x2  
  147  9:01  Probe  
  149  9:10  Disruptor  
  149  9:12  Nexus  
  149  9:13  Stalker  
  149  9:14  Pylon, Stalker  
  149  9:16  Assimilator  
  157  9:18  Assimilator  
  157  9:23  Pylon  
  157  9:24  Warp Prism  
  151  9:46  Observer  
  151  9:48  Gateway x2  
  151  9:49  Photon Cannon  
  152  10:03  Zealot x8  
  168  10:09  Disruptor  
  172  10:21  Pylon  
  172  10:22  Pylon  
  172  10:23  Disruptor  
  172  10:25  Gateway  
  172  10:27  Observer, Gateway  
  175  10:45  Observer  
  175  10:49  Stalker x6  
  188  10:50  Stalker x2  
  192  11:06  Shield Battery  
  192  11:08  Photon Cannon  
  192  11:10  Photon Cannon  
  192  11:12  Photon Cannon  
  190  11:23  Observer  
  183  11:42  Zealot x9  
  183  11:43  Zealot  
  173  12:12  Zealot x5  
  173  12:13  Zealot x5  
  187  12:15  Zealot  
  187  12:16  Zealot  
Tags
 
Add a new tag
Caveats
  • Supply blocks, unpowered buildings, or Contaminate may cause inaccurate times.
  • Supply counts are checked every 10 seconds.